 Dungeon Crawl Stone Soup version 0.21.1-1-g345015f (webtiles) character file.

189 wojtek the Grave Robber (level 5, -4/35 HPs)
             Began as a Demonspawn Necromancer on Mar 10, 2018.
             Killed from afar by an orc wizard (8 damage)
             ... with a magic dart
             ... on level 4 of the Dungeon.
             The game lasted 00:05:27 (4266 turns).

wojtek the Grave Robber (Demonspawn Necromancer)    Turns: 4266, Time: 00:05:28

Health: -4/35      AC:  2    Str:  8    XL:     5   Next: 40%
Magic:  0/8        EV: 13    Int: 17    God:
Gold:   169        SH:  0    Dex: 14    Spells: 8/9 levels left

rFire    + . .     SeeInvis .   h - +0 whip
rCold    . . .     Gourm    .   (no shield)
rNeg     . . .     Faith    .   a - +0 robe
rPois    .         Spirit   .   (no helmet)
rElec    .         Reflect  .   (no cloak)
rCorr    +         Harm     .   (no gloves)
MR       .....                  (no boots)
Stlth    ++........             (no amulet)
HPRegen  0.11/turn              q - ring of resist corrosion
MPRegen  0.11/turn              t - ring of protection from fire

@: no status effects
A: claws 1, hooves 1, powered by death 1
a: no special abilities


You were on level 4 of the Dungeon.
You were very hungry.

You visited 1 branch of the dungeon, and saw 4 of its levels.

You collected 169 gold pieces.

Inventory:

Hand Weapons
 h - a +0 whip (weapon)
 s - a +1 vampiric hand axe
Armour
 a - a +0 robe (worn)
Jewellery
 q - a ring of resist corrosion (left claw)
 t - a ring of protection from fire (right claw)
Wands
 w - a wand of random effects (23)
Scrolls
 d - a scroll of teleportation {unknown}
 f - 5 scrolls of identify {unknown}
 j - a scroll of blinking {unknown}
 l - 3 scrolls of enchant armour {unknown}
 m - a scroll of fog {unknown}
Potions
 e - 2 potions of agility {unknown}
 g - a potion of haste {unknown}
 i - 2 potions of lignification {unknown}
 k - 3 potions of curing {unknown}
 n - a potion of invisibility {unknown}
 o - 2 potions of brilliance {unknown}
 p - 4 potions of heal wounds {unknown}
 r - a potion of mutation {unknown}
 u - a potion of cancellation {unknown}
 v - a potion of might {unknown}
Books
 b - a book of Necromancy

   Spells                             Type                      Level
   a - Pain                           Necromancy                   1
   b - Animate Skeleton               Necromancy                   1
   c - Vampiric Draining              Necromancy                   3
   d - Regeneration                   Charms/Necromancy            3
   e - Animate Dead                   Necromancy                   4
   f - Borgnjor's Vile Clutch         Necromancy/Earth             5
Comestibles
 c - 4 rations


   Skills:
 + Level 2.4 Dodging
 - Level 1.7 Stealth
 + Level 2.6 Spellcasting
 + Level 6.7 Necromancy


You had 8 spell levels left.
You knew the following spells:

 Your Spells              Type           Power        Failure   Level  Hunger
a - Pain                  Necr           ####         1%          1    #......


Dungeon Overview and Level Annotations

Branches:
Dungeon (4/15)
 Temple: D:4-7

Altars:
Dithmenos

Shops:
D:4 (

Annotations:
D:3 Ijyb


Innate Abilities, Weirdness & Mutations

You have sharp fingernails.
You have large cloven feet.
You regenerate a little health from kills.


Message History

The orc wizard seems to speed up.
Found a ring mail.
There is a stone staircase leading down here.
The orc wizard casts a spell.
The orc wizard blinks!
The orc wizard points at you and mumbles some strange words.
The magic dart hits you!
* * * LOW HITPOINT WARNING * * *
The orc wizard points at you and mumbles some strange words.
The magic dart hits you!
* * * LOW HITPOINT WARNING * * *
Casting: Pain
Confirm with . or Enter, or press ? or * to list all spells.
Aiming: Pain
Press: ? - help, Shift-Dir - straight line, f - orc wizard
Aim: an orc wizard, wielding a dagger and wearing a robe (fast, chance to defeat MR: 84%)
The orc wizard writhes in agony!
The orc wizard points at you and mumbles some strange words.
The magic dart hits you!
You die...

##. .... ##[.....##
##...#....
#.#......#
........####
.#####.#.#.....
.........o##.##..#
#.....@.......
#######.>###########
#........#
......#.## #.### #.#
#)# #)# #.# #.#


You could see an orc wizard.

Vanquished Creatures
  A howler monkey (D:4)
  An orc priest (D:4)
  3 adders
  2 oozes (D:2)
  4 worms
  2 dart slugs (D:3)
  3 leopard geckos
  3 orcs
  A ball python (D:2)
  11 bats
  2 giant cockroaches
  8 goblins
  10 hobgoblins
  2 jackals (D:3)
  5 kobolds
  A quokka (D:2)
  6 frilled lizards
  4 rats
69 creatures vanquished.

Notes
Turn   | Place    | Note
-------+----------+-------------------------------------------
     0 | D:1      | wojtek the Demonspawn Necromancer began the quest for the Orb.
     0 | D:1      | Reached XP level 1. HP: 13/13 MP: 3/3
   770 | D:1      | Gained mutation: You have sharp fingernails. [demonic ancestry]
   770 | D:1      | Reached XP level 2. HP: 11/19 MP: 5/5
   782 | D:1      | Reached skill level 5 in Necromancy
  1519 | D:1      | You fall through a shaft!
  1526 | D:2      | Gained mutation: You have large cloven feet. [demonic ancestry]
  1526 | D:2      | Reached XP level 3. HP: 17/24 MP: 1/6
  2130 | D:2      | Reached skill level 6 in Necromancy
  2358 | D:2      | Found a shadowy altar of Dithmenos.
  2552 | D:2      | Reached XP level 4. HP: 29/30 MP: 4/7
  3184 | D:3      | Found a shadowy altar of Dithmenos.
  3923 | D:3      | Noticed Ijyb
  4149 | D:4      | Gained mutation: You regenerate a little health from kills. [demonic ancestry]
  4149 | D:4      | Reached XP level 5. HP: 33/35 MP: 4/8
  4191 | D:4      | Found Lyonimuth's Weapon Boutique.
  4266 | D:4      | Killed from afar by an orc wizard

Skill      XL: |  1  2  3  4 |
---------------+-------------+-----
Necromancy     | 5 6 |  6.7
Dodging        | 2 |  2.4
Stealth        | |  1.7
Spellcasting   | |  2.6

Action                   |  1- 3 |  4- 6 || total
-------------------------+-------+-------++-------
Melee: Whip              |    36 |     9 ||    45
       Kick              |     6 |     1 ||     7
 Cast: Pain              |    62 |    83 ||   145
 Stab: Sleeping          |     1 |       ||     1
  Eat: Chunk             |     6 |     5 ||    11
Armor: Robe              |    10 |     4 ||    14
Dodge: Dodged            |    36 |     8 ||    44
